 Dungeon Crawl Stone Soup version 0.30.1-4-g462c640d31 (webtiles) character file.

Game seed: 4792586313618794437

86 ANON1729 the Slasher (level 4, -2/40 HPs)
             Began as a Minotaur Monk on Aug 23, 2023.
             Slain by a black bear (3 damage)
             ... on level 3 of the Dungeon.
             The game lasted 00:03:52 (1739 turns).

ANON1729 the Slasher (Minotaur Monk)                Turns: 1739, Time: 00:03:52

Health: -2/40      AC:  2    Str: 16    XL:     4   Next: 27%
Magic:  4/4        EV: 13    Int:  7    God:
Gold:   72         SH:  0    Dex: 14    Spells: 3/3 levels left

rFire   + . .        a - +0 falchion
rCold   . . .        d - orb {light}
rNeg    . . .        b - +0 robe
rPois   .            (helmet restricted)
rElec   .            (no cloak)
rCorr   .            (no gloves)
SInv    .            (no boots)
Will    .....        (no amulet)
Stlth   +            k - ring of protection from fire
HPRegen 0.26/turn    (no ring)
MPRegen 0.09/turn

%: no passive effects
@: glowing
A: horns 2, retaliatory headbutt
a: no special abilities


You were on level 3 of the Dungeon.
You visited 1 branch of the dungeon, and saw 3 of its levels.

You collected 72 gold pieces.

Inventory:

Hand Weapons
 a - a +0 falchion (weapon)
Missiles
 m - a throwing net (quivered)
Armour
 b - a +0 robe (worn)
 d - an orb of light (worn)
Jewellery
 k - a ring of protection from fire (left hand)
Wands
 g - a wand of mindburst (10)
Scrolls
 e - a scroll of enchant armour {unknown}
 h - a scroll of teleportation {unknown}
Potions
 c - a potion of ambrosia
 f - 3 potions of curing {unknown}
 i - 5 potions of haste {unknown}
 j - a potion of brilliance {unknown}
 l - a potion of mutation {unknown}


   Skills:
 + Level 4.2 Fighting
 + Level 4.3 Long Blades
 + Level 2.0 Armour
 + Level 3.8 Dodging
 + Level 1.4 Invocations


You had 3 spell levels left.
You didn't know any spells.
Your spell library contained the following spells:

 Spells                   Type           Power      Damage    Failure   Level
 Cigotuvi's Dreadful Rot  Necr/Pois/Air  0%         N/A       56%         2
 Ignite Poison            Fire/Tmut/Pois 0%         N/A       80%         3
 Freezing Cloud           Conj/Ice/Air   0%         6-21      100%        5


Dungeon Overview and Level Annotations

Branches:
Dungeon (3/15)

Altars:


Innate Abilities, Weirdness & Mutations

You have a pair of horns on your head.
You reflexively headbutt those who attack you in melee.


Message History

The hobgoblin barely misses you. The rat bites you but does no damage.
You hit the hobgoblin.
You kill the hobgoblin!
The rat barely misses you. The black bear closely misses you.
The black bear claws you but does no damage. x2
Your Armour skill increases to level 2!
You hit the black bear but do no damage.
The rat bites you but does no damage. The black bear bites you.
The black bear claws you. x2
You hit the black bear.
The black bear is lightly wounded.
The rat bites you. The black bear closely misses you. You furiously retaliate!
You headbutt the black bear. The black bear barely misses you.
The black bear closely misses you.
You completely miss the black bear.
The black bear is moderately wounded.
The rat completely misses you. You furiously retaliate!
You headbutt the rat.
You kill the rat!
The black bear closely misses you. The black bear claws you. x2
You hit the black bear but do no damage.
The black bear is moderately wounded.
The black bear bites you! The black bear claws you. x2
You hit the black bear.
The black bear is heavily wounded.
The black bear bites you but does no damage.
The black bear barely misses you. The black bear claws you.
You hit the black bear. You headbutt the black bear.
The black bear is almost dead.
The black bear bites you!
* * * LOW HITPOINT WARNING * * *
The black bear claws you.
* * * LOW HITPOINT WARNING * * *
The black bear misses you.
You hit the black bear.
The black bear is almost dead.
The black bear bites you but does no damage.
The black bear claws you.
* * * LOW HITPOINT WARNING * * *
The black bear claws you.
You die...

.... #####.........
...## #.......## . #..#
#.......# .. #.###
#.......# ...#####...#
#.......#
...........####.......##
...........'..'.......+.
......h....####.......##
......†@...# #.....#...
##....†.)..# ##+##..#[##
#.........# #.......>..
#.........# #.....##.##
#.........# #..)..##...
#.........# ##.########
#.........# #.# ####
#.........# #.# #... #.#
#.#.


You could see a black bear.

Vanquished Creatures
  An adder (D:2)
  A worm (D:3)
  4 dart slugs
  6 ball pythons
  5 bats
  4 endoplasms
  3 giant cockroaches (D:1)
  11 hobgoblins
  3 jackals (D:2)
  6 kobolds
  A quokka (D:1)
  2 frilled lizards
  7 goblins
  6 rats
60 creatures vanquished.

Notes
Turn   | Place    | Note
-------+----------+-------------------------------------------
     0 | D:1      | ANON1729 the Minotaur Monk began the quest for the Orb.
     0 | D:1      | Reached XP level 1. HP: 19/19 MP: 0/0
   132 | D:1      | Reached XP level 2. HP: 21/27 MP: 1/1
   156 | D:1      | Reached skill level 1 in Armour
   444 | D:1      | Reached XP level 3. HP: 31/33 MP: 2/2
   466 | D:1      | Reached skill level 1 in Invocations
   686 | D:2      | Found a faded altar of an unknown god.
  1201 | D:2      | Reached XP level 4. HP: 35/40 MP: 3/3
  1726 | D:3      | Noticed a black bear
  1739 | D:3      | HP: 1/40 [black bear (3)]
  1739 | D:3      | Slain by a black bear

Illustrated notes

Levels and vault maps discovered:
D:1:      wheals_arrival_shading, layout_basic
D:2:      layout_basic, nicolae_ecumenical_pavilion
D:3:      layout_basic

Skill      XL: |  1  2  3  4 |
---------------+-------------+-----
Armour         | 1 2 |  2.0
Fighting       | 4 |  4.2
Long Blades    | 4 |  4.3
Invocations    | 1 |  1.4
Dodging        | |  3.8

Action                     |  1- 3 |  4- 6 || total
---------------------------+-------+-------++-------
  Melee: Falchion          |    86 |    27 ||   113
         Headbutt          |    12 |     5 ||    17
 Armour: Robe              |    19 |    13 ||    32
  Dodge: Dodged            |    72 |    28 ||   100
